 Dungeon Crawl Stone Soup version 0.25-a0-302-g9f758675c1 (webtiles) character file.

Game seed: 607678271312422084, levelgen mode: deterministic

47 Faustar the Poker (level 3, -7/43 HPs)
             Began as a Merfolk Gladiator on Dec 20, 2019.
             Mangled by a kobold
             ... wielding a +1 short sword of electrocution
              (20 damage)
             ... on level 2 of the Dungeon.
             The game lasted 00:01:19 (600 turns).

Faustar the Poker (Merfolk Gladiator)                Turns: 600, Time: 00:01:20

Health: -7/43      AC: 21    Str: 15    XL:     3   Next: 70%
Magic:  3/3        EV:  2    Int:  7    God:
Gold:   17         SH:  0    Dex: 15    Spells: 2/2 levels left

rFire    . . .     SeeInvis .   a - +0 trident
rCold    . . .     Gourm    .   (no shield)
rNeg     + + +     Faith    .   (armour currently unavailable)
rPois    +         Spirit   .   (helmet currently unavailable)
rElec    .         Reflect  .   (cloak currently unavailable)
rCorr    .         Harm     .   (gloves currently unavailable)
MR       .....     NoTele   +   (boots currently unavailable)
Stlth    +.........             (no amulet)
HPRegen  0.14/turn              (no ring)
MPRegen  0.08/turn              (no ring)

@: tree-form, slowed, very slow
A: (change form in water), (swift swim), (stealthy swim)
a: no special abilities


You were on level 2 of the Dungeon.
You were not hungry.
You were a tree.
You visited 1 branch of the dungeon, and saw 2 of its levels.

You collected 17 gold pieces.

Inventory:

Hand Weapons
 a - a +0 trident (weapon)
Missiles
 d - 3 throwing nets (quivered)
Armour
 b - a +0 leather armour (melded)
 c - a +0 helmet (melded)
 e - a +0 large shield
Scrolls
 g - a scroll of teleportation {unknown}
 h - a scroll of random uselessness
 l - 3 scrolls of identify {unknown}
 n - a scroll of fog {unknown}
Potions
 i - 2 potions of lignification
 j - a potion of mutation {unknown}
 k - a potion of berserk rage {unknown}
 m - a potion of heal wounds {unknown}
Comestibles
 f - 4 rations


   Skills:
 + Level 3.4 Fighting
 + Level 5.6 Polearms
 - Level 2.0 Throwing
 - Level 4.0 Dodging


You had 2 spell levels left.
You didn't know any spells.
Your spell library was empty.

Dungeon Overview and Level Annotations

Branches:
Dungeon (2/15)

Altars:

Annotations:
D:2 Natasha


Message History

The hobgoblin hits you but does no damage.
Natasha claws you but does no damage.
You closely miss Natasha.
Natasha is moderately wounded.
The kobold hits you but does no damage. The hobgoblin completely misses you.
Natasha mumbles some strange words.
You hit Natasha.
Natasha is heavily wounded.
The kobold hits you but does no damage.
The hobgoblin hits you but does no damage.
Natasha casts a spell at you.
You feel yourself slow down.
You barely miss Natasha.
Natasha is heavily wounded.
The kobold hits you but does no damage. The hobgoblin completely misses you.
Natasha stares at you and mumbles some strange words.
The magic dart hits you but does no damage.
The white imp hits you but does no damage.
The kobold hits you but does no damage.
You are electrocuted!!
You die...

### #.# ......#..#
..#### ..........#.
...÷.## ....#.#.#..
>..†..# ..........#+####
...=..# ...#.#.#.......
......#####..........(..
......##....#.#g#h......
......#.........♣K......
...........<..(.#5......
......#.#.......#.......
........†.......#.......
......#.#.......########
................#
.......#........#
.......#........#
.......#........#


You could see Natasha, a white imp, a hobgoblin and a kobold.

Vanquished Creatures
  2 adders (D:2)
  A dart slug (D:1)
  A leopard gecko (D:1)
  3 goblins (D:1)
  2 hobgoblins (D:1)
  3 jackals (D:2)
  2 kobolds (D:1)
  A quokka (D:2)
  2 bats (D:1)
  6 frilled lizards (D:1)
  5 rats
28 creatures vanquished.

Notes
Turn   | Place    | Note
-------+----------+-------------------------------------------
     0 | D:1      | Faustar the Merfolk Gladiator began the quest for the Orb.
     0 | D:1      | Reached XP level 1. HP: 16/16 MP: 1/1
    35 | D:1      | Reached XP level 2. HP: 23/23 MP: 2/2
   143 | D:1      | Reached skill level 5 in Polearms
   172 | D:1      | You fall into a shaft and drop 1 floor!
   338 | D:1      | Reached XP level 3. HP: 29/29 MP: 3/3
   590 | D:2      | Noticed Natasha
   600 | D:2      | Mangled by a kobold

Levels and vault maps discovered:
D:1:      lightli_arrival_maybe_door_vault, layout_rooms
D:2:      cheibrodos_old_hovel, layout_basic, tso_oasis_becter, first_ration,
          serial_glass, glass_columns_a, glass_columns_b, glass_columns_a,
          glass_columns_b, uniq_natasha

Skill      XL: |  1  2 |
---------------+-------+-----
Polearms       | 5 |  5.6
Fighting       | 3 |  3.4
Throwing       | |  2.0
Dodging        | |  4.0

Action                   || total
-------------------------++-------
Melee: Trident           ||   100
  Use: Scroll            ||     2
       Potion            ||     1
 Stab: Sleeping          ||     1
Armor: Leather armour    ||    15
       Skin              ||    12
Dodge: Dodged            ||    51

Table legend:
 A = Non-vault XP
 B = Vault XP
 C = Vault XP percentage of total XP
 D = Non-vault monster count
 E = Vault monster count
 F = Vault count percentage of total count
                 A         B        C        D         E       F
            +---------+---------+-------+---------+---------+-------
      Total |      68 |       0 |   0.0 |      28 |       0 |   0.0
            +---------+---------+-------+---------+---------+-------
        D:1 |      33 |       0 |   0.0 |      21 |       0 |   0.0
        D:2 |      35 |       0 |   0.0 |       7 |       0 |   0.0
            +---------+---------+-------+---------+---------+-------
